 Dungeon Crawl Stone Soup version 0.31-a0-202-g547052bce9 (webtiles) character file.

Game seed: 15334723607353791036

129 ragingrage the Shooter (level 5, -6/18 (34) HPs)
             Began as an Octopode Hunter on June 26, 2023.
             Killed by divine providence
             ... invoked by an orc priest
              (15 damage)
             ... on level 3 of the Dungeon.
             The game lasted 00:01:51 (1983 turns).

ragingrage the Shooter (Octopode Hunter)            Turns: 1983, Time: 00:01:51

HP:   -6/18 (34)    AC:  1    Str: 14    XL:     5   Next: 12%
MP:   5/5           EV: 13    Int: 10    God:
Gold: 39            SH:  0    Dex: 17    Spells: 4/4 levels left

rFire   . . .        b - +3 dagger (holy)
rCold   + . .        (no shield)
rNeg    . . .        (helmet restricted)
rPois   .            (no amulet)
rElec   .            (no ring)
rCorr   .            (no ring)
SInv    .            (no ring)
Will    .....        (no ring)
Stlth   +++          (no ring)
HPRegen 0.23/turn    (no ring)
MPRegen 0.09/turn    (no ring)
                     (no ring)

%: no passive effects
@: very heavily drained, unable to drink
A: almost no armour, amphibious, 8 rings, camouflage 1, gelatinous body 1,
(nimble swimmer 1), tentacles, cold resistance 1, strong 1, inability to drink
after injury 1
a: no special abilities


You were on level 3 of the Dungeon.
You visited 1 branch of the dungeon, and saw 4 of its levels.

You collected 39 gold pieces.

Inventory:

Hand Weapons
 a - a +0 shortbow
 b - a +3 dagger of holy wrath (weapon)
Missiles
 m - 5 curare-tipped darts
Scrolls
 e - a scroll of revelation {unknown}
 g - 3 scrolls of blinking {unknown}
 h - 3 scrolls of fear {unknown}
 j - a scroll of butterflies
 k - 4 scrolls of identify {unknown}
 n - a scroll of acquirement {unknown}
 p - a scroll of poison {unknown}
Potions
 c - a potion of heal wounds
 d - 2 potions of enlightenment
 o - a potion of lignification {unknown}


   Skills:
 - Level 2.0 Fighting
 + Level 6.0 Ranged Weapons
 - Level 2.0 Dodging
 - Level 3.0 Stealth


You had 4 spell levels left.
You didn't know any spells.
Your spell library contained the following spells:

 Spells                   Type           Power      Damage    Failure   Level
 Slow                     Hex            0%         N/A       36%         1
 Confusing Touch          Hex            0%         N/A       75%         3
 Vampiric Draining        Necr           0%         2d6       75%         3


Dungeon Overview and Level Annotations

Branches:
Dungeon (4/15)
 Temple: D:4-7

Altars:
Elyvilon


Innate Abilities, Weirdness & Mutations

You cannot wear most types of armour.
You are amphibious.
You can wear up to eight rings at the same time.
Your skin changes colour to match your surroundings (Stealth+).
Your rubbery body absorbs attacks. (AC +1, EV +1)
((You are camouflaged when in or above water. (Stealth+)))
You have tentacles for arms and can constrict up to eight enemies at once.
Your flesh is cold resistant. (rC+)
Your muscles are strong. (Str +4, Int/Dex -1)
You occasionally lose the ability to drink potions when taking damage.


Message History

You are lethally poisoned!
You cannot drink potions in your current state!
Okay, then.
You can drink potions again.
* * * LOW HITPOINT WARNING * * *
You feel very sick.
* * * LOW HITPOINT WARNING * * *
You feel sick. Something hits your butterfly.
Your butterfly dies!
Your butterfly disappears in a burst of colours!
Okay, then.
You feel much better.
You feel sick. Something barely misses your butterfly.
You feel sick. Something barely misses your butterfly.
Something hits your butterfly.
Your butterfly dies!
Your butterfly disappears in a burst of colours!
There is a stone staircase leading up here.
You feel sick. Something misses your butterfly.
You climb upwards.
Your summoned allies are left behind.
Reactivating autopickup.
You feel sick.
There is a stone staircase leading down here.
Unknown command.
You hit the orc priest but do no damage.
You grab the orc priest. You squeeze the orc priest.
You constrict the orc priest, but do no damage.
You feel sick.
An orc wizard comes into view. It is wielding a +0 dagger.
The orc priest hits you with a +0 club.
The orc wizard shouts!
You hit the orc priest but do no damage.
You squeeze the orc priest.
You constrict the orc priest, but do no damage.
You feel sick.
You are no longer poisoned.
The orc priest mumbles some strange prayers to Beogh against you.
Beogh smites you!
You feel threatened and lose the ability to drink potions!
Ouch! That really hurt!
You die...

..... #.... .#### .# .#
.######## ......... #
..################.#
#...............@oo#
##.##############...o...
#.# #.#..o. #.# .# ...
#.# # # #.# #.. ###


You could see an orc priest, an orc wizard and 2 orcs.

Vanquished Creatures
  An orc priest (D:4)
  Jessica (D:3)
  Robin (D:3)
  A worm (D:2)
  2 dart slugs (D:1)
  4 endoplasms
  2 giant cockroaches (D:3)
  8 hobgoblins
  4 jackals (D:1)
  2 kobolds (D:1)
  2 quokkas
  A ball python (D:1)
  5 bats
  2 frilled lizards
  10 goblins
  7 rats
53 creatures vanquished.

Notes
Turn   | Place    | Note
-------+----------+-------------------------------------------
     0 | D:1      | ragingrage the Octopode Hunter began the quest for the Orb.
     0 | D:1      | Reached XP level 1. HP: 14/14 MP: 1/1
   125 | D:1      | Reached XP level 2. HP: 19/19 MP: 2/2
   264 | D:1      | Reached XP level 3. HP: 18/24 MP: 3/3
  1149 | D:2      | Found a white marble altar of Elyvilon.
  1272 | D:3      | Noticed Robin
  1309 | D:3      | Noticed Jessica
  1314 | D:3      | Killed Jessica
  1315 | D:3      | Reached skill level 5 in Ranged Weapons
  1315 | D:3      | Reached XP level 4. HP: 25/29 MP: 4/4
  1720 | D:3      | Killed Robin
  1959 | D:4      | Reached skill level 6 in Ranged Weapons
  1959 | D:4      | Reached XP level 5. HP: 15/34 MP: 5/5
  1962 | D:4      | Gained mutation: You occasionally lose the ability to drink
                  | potions when taking damage. [potion of mutation]
  1962 | D:4      | Gained mutation: Your muscles are strong. (Str +4, Int/Dex
                  | -1) [potion of mutation]
  1962 | D:4      | Gained mutation: Your flesh is cold resistant. (rC+)
                  | [potion of mutation]
  1983 | D:3      | Killed from afar by an orc priest

Illustrated notes

Levels and vault maps discovered:
D:1:      dpeg_arrival_concentric_ovals, layout_basic,
          chequers_serial_rivers_micro_c
D:2:      layout_loops_ring, basic_altar
D:3:      layout_rooms, kennysheep_generic_room_11, uniq_robin, uniq_jessica
D:4:      layout_basic, portal_sewer_entry_e, minivault_24,
          dreamdust_mushroom_princess, fountainhead, uniq_blork_the_orc

Skill      XL: |  1  2  3  4 |
---------------+-------------+-----
Stealth        | 2 3 |  3.0
Ranged Weapons | 5 6 |  6.0
Fighting       | |  2.0
Dodging        | |  2.0

Action                     |  1- 3 |  4- 6 || total
---------------------------+-------+-------++-------
  Melee: Dagger            |     2 |    21 ||    23
         Tentacles         |       |     8 ||     8
         Constrict         |       |     5 ||     5
   Fire: Shortbow          |    68 |    24 ||    92
    Use: Potion            |       |     6 ||     6
         Scroll            |       |     1 ||     1
   Stab: Sleeping          |       |     2 ||     2
 Armour: Skin              |       |     1 ||     1
  Dodge: Dodged            |    16 |     7 ||    23

Table legend: (Time is in decaauts)
 A = Elapsed time spent in this place.
 B = Non-inter-level travel time spent in this place.
 C = Inter-level travel time spent in this place.
 D = Time resting spent in this place.
 E = Time spent auto-exploring this place.
 F = Levels seen in this place.
 G = Mean time per level.
                   A        B        C        D        E       F      G
               +--------+--------+--------+--------+--------+-----+--------+
         Total |   1995 |   1905 |     90 |    374 |   1274 |   4 |  498.8 |
       Dungeon |   1995 |   1905 |     90 |    374 |   1274 |   4 |  498.8 |
               +--------+--------+--------+--------+--------+-----+--------+

Top non-repeatable levels by time:
     D:2: 693 daAuts
     D:1: 657 daAuts
     D:3: 608 daAuts
     D:4: 36 daAuts
